 Dungeon Crawl Stone Soup version 0.31-a0-221-gbddc013574 (webtiles) character file.

Game seed: 729704129461755950

296 qw the Chopper (level 6, -16/38 HPs)
             Began as a Gargoyle Fighter on July 3, 2023.
             Was an Initiate of Okawaru.
             Demolished by an ogre
             ... wielding a +0 giant club
              (26 damage)
             ... on level 4 of the Dungeon.
             The game lasted 00:01:47 (3260 turns).

qw the Chopper (Gargoyle Fighter)                   Turns: 3260, Time: 00:01:47

Health: -16/38     AC: 16    Str: 21    XL:     6   Next: 35%
Magic:  6/6        EV:  7    Int:  9    God:    Okawaru [......]
Gold:   281        SH:  4    Dex:  9    Spells: 5/5 levels left

rFire   . . .        Y - +1 war axe
rCold   . . .        c - +0 buckler
rNeg    + . .        e - +0 chain mail
rPois   inf          f - +2 helmet
rElec   +            (no cloak)
rCorr   .            (no gloves)
SInv    .            (no boots)
Will    .....        (no amulet) Stlth
                     (no ring)
HPRegen 0.26/turn    (no ring)
MPRegen 0.10/turn

%: no passive effects
@: no status effects
A: sickness immunity, AC +4, negative energy resistance 1, electricity
resistance, torment resistance 1, petrification resistance
a: Renounce Religion


You were on level 4 of the Dungeon.
You worshipped Okawaru.
Okawaru was noncommittal.
You visited 1 branch of the dungeon, and saw 4 of its levels.

You collected 281 gold pieces.


Innate Abilities, Weirdness & Mutations

You are immune to sickness and miasma.
Your stone body is resilient. (AC +4)
You are immune to poison.
You resist negative energy. (rN+)
You are resistant to electric shocks. (rElec)
You are resistant to unholy torment.
You are immune to petrification.


   Skills:
 - Level 4.0 Fighting
 + Level 5.6 Axes
 - Level 3.2 Armour
 - Level 3.2 Shields


You had 5 spell levels left.
You didn't know any spells.
Your spell library was empty.

Inventory:

Hand Weapons
 k - a +0 flail
 Y - a +1 war axe (weapon)
Armour
 c - a +0 buckler (worn)
 e - a +0 chain mail (worn)
 f - a +2 helmet (worn)
Scrolls
 a - 4 scrolls of identify
Potions
 b - a potion of heal wounds
 d - 3 potions of might
 g - 2 potions of attraction
 h - 4 potions of haste
 i - 2 potions of resistance

Dungeon Overview and Level Annotations

Branches:
Dungeon (4/15)
 Temple: D:4-7

Altars:
Ashenzari
Nemelex Xobeh
Okawaru
Yredelemnul
Zin

Annotations:
D:2 1 runed translucent door, Crazy Yiuf


Message History

A quokka, a phantom, an ogre and a goblin come into view.
The ogre shouts!
The goblin shouts!
Enter note: You closely miss the goblin.
You block the goblin's attack.
You barely miss the goblin. The goblin closely misses you.
You slash the goblin!
You kill the goblin!
Okawaru accepts your kill.
You barely miss the phantom. The phantom hits you.
The phantom blinks!
You blink.
A wight comes into view. It is wielding a +0 mace.
The ogre closely misses you.
Enter note: You barely miss the ogre.
You barely miss the quokka. You slash the phantom!
The quokka bites you but does no damage.
You block the phantom's attack.
You barely miss the phantom.
The phantom is moderately damaged.
You slash the quokka!
You kill the quokka!
Okawaru accepts your kill.
You hit the ogre.
The ogre hits you with a +0 giant club!!
Ouch! That really hurt!
The phantom hits you but does no damage.
You hit the phantom.
The phantom is heavily damaged.
You hit the wight but do no damage. You slash the ogre!
The phantom hits you but does no damage.
The wight barely misses you. The ogre hits you with a +0 giant club!
You closely miss the phantom.
The phantom is heavily damaged.
You completely miss the ogre. You barely miss the wight.
The phantom hits you but does no damage.
The wight hits you but does no damage.
The ogre hits you with a +0 giant club!!
Ouch! That really hurt!
You die...

.....######.#.###
................
#.#######.####.# ##
#.## ##)# #.. #.
#..##+##..# #..
#.##....#....# #..
#..##...(...## #..
#zWO).......+ #..
#.@##.......# #..
#.##.........# #..
###...........###..
...................
######.....######..
+#...#+ #.. ##.##
#.. #.# #.. #).


You could see an ogre, a phantom and a wight.

Vanquished Creatures
  Sigmund (D:2)
  Robin (D:2)
  2 adders
  A worm (D:3)
  A dart slug (D:3)
  6 orcs
  7 ball pythons
  6 endoplasms
  8 giant cockroaches
  16 goblins
  9 hobgoblins
  5 quokkas
  8 bats
  7 frilled lizards
  3 kobolds
  4 rats
85 creatures vanquished.

Notes
Turn   | Place    | Note
-------+----------+-------------------------------------------
     0 | D:1      | qw the Gargoyle Fighter began the quest for the Orb.
     0 | D:1      | Reached XP level 1. HP: 14/14 MP: 1/1
     0 | D:1      | 0 ||| qw: Version: 0.3-a-40-ge99b1a8
     0 | D:1      | 0 ||| qw: Game counter: 505
     0 | D:1      | 0 ||| qw: Melee chars always use a shield: true
     0 | D:1      | 0 ||| qw: God list: Okawaru
     0 | D:1      | 0 ||| qw: Allow faded altars: false
     0 | D:1      | 0 ||| qw: Do Orc after clearing Dungeon:15 true
     0 | D:1      | 0 ||| qw: Do second Lair branch before Depths: true
     0 | D:1      | 0 ||| qw: Lair rune preference: random
     0 | D:1      | 0 ||| qw: Goals: Normal, Zot:1-4, Slime:5, God:TSO, Crypt,
                  | Tomb, Abyss, Pan, Hells, Win
     0 | D:1      | 0 ||| PLANNING D:1-11
    16 | D:1      | Reached skill level 2 in Axes
    81 | D:1      | Reached XP level 2. HP: 19/19 MP: 2/2
   108 | D:1      | 108 ||| DROPPING +0 whip.
   492 | D:1      | Reached skill level 3 in Axes
   705 | D:1      | 705 ||| UPGRADING to +0 chain mail.
   715 | D:1      | 715 ||| DROPPING +0 scale mail.
   716 | D:1      | 716 ||| READING 4 scrolls labelled IBEBIYK ZOEQY.
   717 | D:1      | 717 ||| READING scroll labelled XEYDGHE AGAHU.
   720 | D:1      | 720 ||| READING scroll labelled USOHATHRYTYE.
   721 | D:1      | 721 ||| READING scroll labelled NAOKKU ZOW KAE.
   722 | D:1      | 722 ||| READING 3 scrolls of identify.
   722 | D:1      | 722 ||| IDENTIFYING bubbling coppery potion
   723 | D:1      | 723 ||| READING 2 scrolls of identify.
   723 | D:1      | 723 ||| IDENTIFYING dark potion
   724 | D:1      | 724 ||| DROPPING potion of ambrosia.
   751 | D:2      | Reached XP level 3. HP: 23/23 MP: 3/3
   769 | D:2      | 769 ||| Stepping ~*~*~tactically~*~*~ (stealth).
   889 | D:2      | Found a runed translucent door.
   890 | D:2      | Noticed Crazy Yiuf
  1293 | D:2      | 1293 ||| DROPPING +1 antimagic hammer.
  1294 | D:2      | 1294 ||| DROPPING +0 mace.
  1364 | D:2      | Noticed Sigmund
  1387 | D:2      | HP: 2/23 [Sigmund/+0 scythe (9)]
  1392 | D:2      | Killed Sigmund
  1393 | D:2      | Reached skill level 5 in Axes
  1393 | D:2      | Reached XP level 4. HP: 2/28 MP: 4/4
  1393 | D:2      | Reached XP level 5. HP: 2/32 MP: 5/5
  1521 | D:2      | Noticed Robin
  1522 | D:2      | 1522 ||| Stepping ~*~*~tactically~*~*~ (hiding).
  1523 | D:2      | 1523 ||| Stepping ~*~*~tactically~*~*~ (hiding).
  1541 | D:2      | Killed Robin
  1785 | D:2      | Reached XP level 6. HP: 38/38 MP: 6/6
  2072 | D:2      | 2072 ||| UPGRADING to +2 helmet.
  2077 | D:2      | 2077 ||| READING scroll labelled OTWESM KUACHE.
  2078 | D:2      | 2078 ||| READING 2 scrolls labelled RUDWIF IGHAONEIM.
  2079 | D:2      | 2079 ||| DROPPING scroll of fear.
  2121 | D:3      | Found a faded altar of an unknown god.
  2123 | D:3      | 2123 ||| Stepping ~*~*~tactically~*~*~ (stealth).
  2132 | D:3      | 2132 ||| Stepping ~*~*~tactically~*~*~ (stealth).
  2164 | D:3      | Found a glowing silver altar of Zin.
  2176 | D:3      | Found a sparkling altar of Nemelex Xobeh.
  2474 | D:3      | 2474 ||| Stepping ~*~*~tactically~*~*~ (stealth).
  2475 | D:3      | 2475 ||| Stepping ~*~*~tactically~*~*~ (stealth).
  2483 | D:3      | Found a basalt altar of Yredelemnul.
  2725 | D:3      | Found an iron altar of Okawaru.
  2726 | D:3      | 2726 ||| PLANNING OKAWARU WORSHIP
  2726 | D:3      | 2726 ||| READING scroll labelled OBLALE SANAHAO.
  2749 | D:3      | 2749 ||| Stepping ~*~*~tactically~*~*~ (stealth).
  2751 | D:3      | 2751 ||| Stepping ~*~*~tactically~*~*~ (stealth).
  2756 | D:3      | 2756 ||| READING scroll labelled TALATIC KOEPIE.
  2757 | D:3      | 2757 ||| DRINKING 2 viscous black potions.
  2758 | D:3      | 2758 ||| DRINKING 2 ruby potions.
  2759 | D:3      | 2759 ||| READING 4 scrolls of identify.
  2759 | D:3      | 2759 ||| IDENTIFYING smoky emerald potion
  2768 | D:3      | Became a worshipper of Warmaster Okawaru
  2769 | D:3      | 2769 ||| PLANNING D:1-11
  3120 | D:4      | Found a broken altar of Ashenzari.
  3222 | D:4      | 3222 ||| Stepping ~*~*~tactically~*~*~ (stealth).
  3223 | D:4      | 3223 ||| Stepping ~*~*~tactically~*~*~ (stealth).
  3226 | D:4      | 3226 ||| Stepping ~*~*~tactically~*~*~ (stealth).
  3260 | D:4      | Demolished by an ogre

Levels and vault maps discovered:
D:1:      mrwooster_arrival_statue_2, layout_basic,
          hangedman_decor_diamond_cutter
D:2:      layout_loops_corners, serial_rivers, chequers_serial_rivers_micro_b,
          chequers_serial_rivers_micro_a, chequers_serial_rivers_micro_d,
          chequers_serial_rivers_room_a, chequers_serial_rivers_micro_c,
          minmay_strange_pillars, chequers_serial_rivers_room_a,
          minmay_misc_feat_encased, hangedman_decor_points, st_stairs_6,
          uniq_robin, uniq_sigmund, uniq_crazy_yiuf_cottage
D:3:      layout_basic, okawaru_metal_pillars_1_2,
          mainiacjoe_overflow_small_starburst,
          mainiacjoe_overflow_large_starburst, chequers_ecumenical_altar_simple,
          minmay_puff
D:4:      minmay_chambers_of_threes, layout_loops_ring,
          cheibrodos_ashenzari_chains, nrook_loot_triangle,
          chequers_serial_rivers_large_b, st_stairs_9, serial_park_tiny_pond,
          minmay_pentangle

Skill      XL: |  1  2  3  4  5  6 |
---------------+-------------------+-----
Axes           | 2 3 5 |  5.6
Fighting       | 4 |  4.0
Armour         | |  3.2
Shields        | |  3.2

Action                     |  1- 3 |  4- 6 || total
---------------------------+-------+-------++-------
  Melee: War axe           |   102 |   136 ||   238
    Use: Scroll            |     6 |     5 ||    11
         Potion            |       |     2 ||     2
 Armour: Scale mail        |    33 |       ||    33
         Chain mail        |    28 |    94 ||   122
  Dodge: Dodged            |    42 |    43 ||    85
  Block: Buckler           |    11 |    19 ||    30

Table legend:
 A = Non-vault XP
 B = Vault XP
 C = Vault XP percentage of total XP
 D = Non-vault monster count
 E = Vault monster count
 F = Vault count percentage of total count
                 A         B        C        D         E       F
            +---------+---------+-------+---------+---------+-------
      Total |     136 |     288 |  67.9 |      64 |      21 |  24.7
            +---------+---------+-------+---------+---------+-------
        D:1 |      33 |       0 |   0.0 |      18 |       0 |   0.0
        D:2 |      23 |     264 |  92.0 |      14 |      14 |  50.0
        D:3 |      53 |       5 |   8.6 |      21 |       3 |  12.5
        D:4 |      27 |      19 |  41.3 |      11 |       4 |  26.7
            +---------+---------+-------+---------+---------+-------
